 Dungeon Crawl Stone Soup version 0.23-a0-890-gc183402 (console) character file.

Game seed: 10522742966889762036

201480 Duffy the End of an Era (level 19, -3/144 HPs)
             Began as a Formicid Fighter on Jan 28, 2019.
             Was the Champion of Qazlal.
             Slain by a stone giant skeleton (12 damage)
             ... led by a necromancer
             ... on level 1 of the Vaults.
             The game lasted 00:58:55 (35824 turns).

Duffy the End of an Era (Formicid Fighter)         Turns: 35824, Time: 00:58:56

Health: -3/144     AC:  8    Str: 27    XL:     19   Next: 25%
Magic:  38/42      EV: 19    Int: 18    God:    Qazlal [******]
Gold:   1079       SH: 29    Dex: 16    Spells: 18/18 levels left

rFire    + . .     SeeInvis +   a - +9 battleaxe (vamp)
rCold    + + .     Gourm    .   L - +0 large shield
rNeg     + + +     Faith    .   R - +5 ring mail "Sijaq" {rElec rN+ Int+2 Stlth+}
rPois    .         Spirit   .   (helmet unavailable)
rElec    +         Reflect  .   F - +0 cloak
rCorr    .         Harm     .   v - +1 pair of gloves
MR       +....                  P - +3 pair of boots of Claustrophobia {*Drain rC++ Int+3 Dex+4}
Stlth    +.........             O - amulet of Kemyajaafo {rN++ Regen+ MP+9}
HPRegen  0.74/turn              e - +4 ring of slaying
MPRegen  0.28/turn              Y - ring of Xom's Amusement {rElec rF+ Int+3 Dex+2}

@: protected from physical damage, corroded, repel missiles
A: permanent stasis, dig shafts and tunnels, four strong arms, antennae 3, beak,
talons 1
}: 1/15 runes: gossamer
a: Dig, Shaft Self, Upheaval, Elemental Force, Disaster Area, Renounce Religion


You were on level 1 of the Vaults.
You worshipped Qazlal.
Qazlal was exalted by your worship.
You were hungry.

You visited 6 branches of the dungeon, and saw 29 of its levels.
You also visited: Ossuary and Gauntlet.

You collected 3143 gold pieces.
You spent 2064 gold pieces at shops.

Inventory:

Hand Weapons
 a - a +9 vampiric battleaxe (weapon)
Missiles
 p - 4 throwing nets (quivered)
Armour
 h - the +5 ring mail of Insurance {rPois Int-3 Dex+5}
   (You bought it in a shop on level 2 of the Orcish Mines)

   It affects your intelligence (-3).
   It affects your dexterity (+5).
   It protects you from poison.
 v - a +1 pair of gloves (worn)
 F - a +0 cloak (worn)
 L - a +0 large shield (worn)
 P - the +3 pair of boots of Claustrophobia (worn) {*Drain rC++ Int+3 Dex+4}
   (You bought it in a shop on level 2 of the Orcish Mines)

   It affects your intelligence (+3).
   It affects your dexterity (+4).
   It greatly protects you from cold.
   It causes draining when unequipped.
 R - the +5 ring mail "Sijaq" (worn) {rElec rN+ Int+2 Stlth+}
   (You found it on level 4 of the Lair of Beasts)

   It affects your intelligence (+2).
   It insulates you from electricity.
   It protects you from negative energy.
   It makes you more stealthy.
Jewellery
 e - a +4 ring of slaying (left hand)
 k - an uncursed ring of poison resistance
 G - an uncursed ring of protection from magic
 I - an uncursed ring of protection from magic
 O - the amulet of Kemyajaafo (around neck) {rN++ Regen+ MP+9}
   (You bought it in a shop on level 9 of the Dungeon)

   [amulet of regeneration]

   It greatly protects you from negative energy.
   It affects your magic capacity (+9).
   It increases your rate of regeneration.
 Y - the ring of Xom's Amusement (right hand) {rElec rF+ Int+3 Dex+2}
   (You found it in a Gauntlet)

   [ring of dexterity]

   It affects your intelligence (+3).
   It affects your dexterity (+2).
   It protects you from fire.
   It insulates you from electricity.
Wands
 j - a wand of disintegration (9)
 r - a wand of polymorph (5)
 u - a wand of enslavement (29)
 x - a wand of acid (8)
 y - a wand of digging (9)
 E - a wand of flame (63)
 H - a wand of iceblast (4)
 Z - a wand of paralysis (21)
Scrolls
 b - 2 scrolls of fear
 c - a scroll of silence
 i - 15 scrolls of remove curse
 l - a scroll of immolation
 m - 2 scrolls of identify
 z - 4 scrolls of magic mapping
 A - 8 scrolls of fog
 B - 6 scrolls of vulnerability
 D - 2 scrolls of enchant weapon
 N - 2 scrolls of brand weapon
 T - 8 scrolls of enchant armour
Potions
 d - 4 potions of might
 n - 3 potions of flight
 o - 3 potions of mutation
 q - 3 potions of magic
 s - 4 potions of brilliance
 t - 4 potions of agility
 w - 10 potions of lignification
 C - 10 potions of curing
 K - 6 potions of heal wounds
 M - 2 potions of resistance
 S - 2 potions of invisibility
 U - 5 potions of ambrosia
Miscellaneous
 g - 2 sacks of spiders
Comestibles
 f - 39 rations
 J - 64 chunks of flesh


   Skills:
 + Level 11.3 Fighting
 - Level 16.0 Axes
 + Level 11.3 Armour
 + Level 11.0 Dodging
 - Level 15.0 Shields
 * Level 21.7 Invocations
 - Level 5.0 Evocations


You had 18 spell levels left.
You didn't know any spells.
Your spell library contained the following spells:

 Spells                   Type           Power        Failure   Level  Hunger
 Beastly Appendage        Tmut           #.....       30%         1    ##.....
 Magic Dart               Conj           #...         30%         1    ##.....
 Sandblast                Erth           #.....       30%         1    ##.....
 Shock                    Conj/Air       #...         30%         1    ##.....
 Summon Butterflies       Summ           #.......     30%         1    ##.....
 Call Imp                 Summ           #.......     41%         2    ###....
 Poisonous Vapours        Pois/Air       #.....       41%         2    ###....
 Slow                     Hex            #.......     41%         2    ###....
 Sticks to Snakes         Tmut           #.......     41%         2    ###....
 Swiftness                Chrm/Air       #.......     41%         2    ###....
 Call Canine Familiar     Summ           #.......     65%         3    ####...
 Conjure Flame            Conj/Fire      #.......     65%         3    ####...
 Mephitic Cloud           Conj/Pois/Air  #.......     65%         3    ####...
 Spider Form              Tmut/Pois      #.........   65%         3    ####...
 Static Discharge         Conj/Air       #.......     65%         3    ####...
 Stone Arrow              Conj/Erth      #.....       65%         3    ####...
 Airstrike                Air            #.........   96%         4    #####..
 Ice Form                 Ice/Tmut       #.......     96%         4    #####..
 Summon Ice Beast         Ice/Summ       #.......     96%         4    #####..
 Blade Hands              Tmut           #.........   100%        5    ######.
 Lee's Rapid Deconstruct  Erth           #.........   100%        5    ######.
 Lightning Bolt           Conj/Air       #.........   100%        5    ######.
 Summon Mana Viper        Hex/Summ       #.......     100%        5    ######.
 Freezing Cloud           Conj/Ice/Air   #.........   100%        6    #######
 Hydra Form               Tmut           #.........   100%        6    #######
 Ring of Flames           Chrm/Fire      #.........   100%        7    #######
 Summon Hydra             Summ           #.........   100%        7    #######
 Blink                    Tloc           Unusable     N/A         2    N/A

Dungeon Overview and Level Annotations

Branches:
Dungeon (15/15)            Temple (1/1) D:7            Lair (6/6) D:8
  Swamp (0/4) Lair:2       Spider (4/4) Lair:4        Slime (0/5) Lair:6
    Orc (2/2) D:10            Elf (0/3) Orc:2        Vaults (1/5) D:13
 Depths (0/5) D:15

Altars:
Ashenzari
Cheibriados
Dithmenos
Elyvilon
Fedhas
Gozag
Hepliaklqana
Kikubaaqudgha
Makhleb
Nemelex Xobeh
Okawaru
Qazlal
Ru
Sif Muna
Trog
Uskayaw
Vehumet
Wu Jian
Xom
Yredelemnul
Zin
The Shining One
Beogh
Lugonu

Shops:
D:7 }   D:9 =   D:11 }   Orc:2 ([*%:


Innate Abilities, Weirdness & Mutations

You cannot be hasted, slowed, berserked, paralysed or teleported.
You can dig through walls and to a lower floor.
Your four strong arms can wield two-handed weapons with a shield.
You have a pair of large antennae on your head. (SInv)
You have a beak for a mouth.
You have sharp toenails.


Message History

The entropy weaver is lightly wounded.
You slash the stone giant zombie!
You destroy the stone giant zombie!
Qazlal accepts your kill.
You hit the stone giant skeleton but do no damage.
Your water elemental disappears in a puff of smoke!
The entropy weaver closely misses you. x2
You block the entropy weaver's attack. x2
Your water elemental closely misses the entropy weaver.
You slice the entropy weaver!!
You feel better.
Your peck misses the entropy weaver.
The entropy weaver is heavily wounded.
You slash the stone giant skeleton! You barely miss the fire dragon.
You block the entropy weaver's attack. The entropy weaver misses you.
You block the entropy weaver's attack. The entropy weaver barely misses you.
The fire dragon breathes flames at you. You resist.
The blast of flame hits you!
A cyclops comes into view.
The stone giant skeleton hits you!
You die...

#.. { ######'#########
.......#.......#........
.......#..#....#........
.......#..#....'......#
.......#..####.#....###
.......#..#....#)0..#
.......#..#....#000##
.......#.......#E@.#
.......#.>.....#DaZ#
#####'##.......#0pJ#
#......#....#..#...'
#......#....#..#...##
#......'.####..#....
#......#....#..#....#
#......#....#..#....C
#...)..#.......#


You could see a fire dragon, an entropy weaver, an enormous slime creature, a
vault sentinel, a cyclops, a stone giant skeleton and a friendly water
elemental.

Vanquished Creatures
  Nikola (Vaults:1)
  The ghost of Lihy the Peltast, an adept MiFi of the Shining One (Spider:4)
  4 emperor scorpions
  A vault warden (Vaults:1)
  6 ghost moths
  3 orc warlords
  2 ironheart preservers (Vaults:1)
  The ghost of Voker57 the Fighter, a journeyman DsGl of Hepliaklqana (Orc:1)
  5 entropy weavers
  A minotaur (Gauntlet)
  The ghost of George the Carver, a journeyman MiFi of the Shining One (D:12)
  A spark wasp (Spider:4)
  2 yaktaur captains (Vaults:1)
  Harold (D:8)
  An ogre mage (D:13)
  2 ice dragons (D:15)
  Erolcha (Orc:1)
  10 hydras
  7 vault guards
  3 catoblepae (Lair:6)
  6 centaur warriors
  2 death knights
  8 two-headed ogres
  A deep troll shaman (Vaults:1)
  A tengu warrior (D:11)
  9 death yaks
  A deep troll earth mage (Vaults:1)
  An orc high priest (Orc:2)
  The ghost of Torious the Nimble, a novice DECj of Sif Muna (D:11)
  A wretched star (Gauntlet)
  A lindwurm (Lair:6)
  3 unseen horrors
  5 deep trolls (Vaults:1)
  A deep elf archer (D:13)
  8 orc knights
  A shadow dragon zombie (Vaults:1)
  2 wizards
  2 necromancers (Vaults:1)
  5 ugly things
  5 orc sorcerers
  7 manticores
  17 orb spiders
  31 wolf spiders
  A deep elf mage (D:13)
  A stone giant zombie (Vaults:1)
  5 oklob plants
  4 cyclopes
  2 moths of wrath (Spider:3)
  5 elephants (Lair:5)
  A spectral centaur (D:11)
  3 black mambas
  Joseph (D:10)
  A gargoyle (D:13)
  2 vault sentinels (Vaults:1)
  4 torpor snails
  A yaktaur zombie (Vaults:1)
  5 centaur skeletons
  9 spiny frogs
  7 yaktaurs
  2 rime drakes
  2 efreet
  5 kobold demonologists
  7 komodo dragons
  11 demonic crawlers
  A freezing wraith (Vaults:1)
  A tengu conjurer (D:11)
  7 trolls
  33 jumping spiders
  A polar bear (Lair:4)
  10 hippogriffs
  A tengu simulacrum (Vaults:1)
  8 hornets
  21 blink frogs
  The ghost of Hydrazoo the Insei, an amateur OpTm (D:4)
  29 slime creatures
  A meliai zombie (D:15)
  5 dream sheep
  3 centaur simulacra (D:11)
  69 redbacks
  A spriggan (D:7)
  2 shadows
  42 tarantellas
  A water elemental (D:15)
  2 wyverns
  A wraith (Vaults:1)
  54 yaks
  2 hungry ghosts
  4 basilisks
  A neqoxec (Gauntlet)
  3 soldier ants
  8 wargs
  An acid dragon (D:11)
  2 swamp worms
  9 water moccasins
  7 porcupines
  A black bear (D:12)
  41 orc warriors
  9 sky beasts
  A meliai simulacrum (D:11)
  3 phantoms
  2 eyes of draining
  A hornet zombie (D:15)
  A human zombie (Vaults:1)
  14 ogres
  5 ice beasts
  3 boggarts (Vaults:1)
  11 wolves
  16 centaurs
  19 crocodiles
  4 big kobolds
  2 wyvern zombies
  A human skeleton (Vaults:1)
  21 bullfrogs
  16 scorpions
  4 killer bees (D:8)
  27 wights
  A howler monkey (D:11)
  5 electric eels
  2 spectral bullfrogs (D:11)
  11 crimson imps
  A bullfrog zombie (D:2)
  6 centaur zombies
  A human simulacrum (Vaults:1)
  A quasit (D:12)
  7 hounds
  24 orc wizards
  21 orc priests
  Crazy Yiuf (D:4)
  7 jellies
  6 bullfrog skeletons
  Ijyb (D:3)
  An iguana (D:6)
  11 worker ants
  8 hell rats
  A killer bee zombie (D:8)
  3 big kobold zombies (Ossuary)
  A bullfrog simulacrum (D:11)
  A hound skeleton (D:11)
  3 mummies (Ossuary)
  A worker ant zombie (D:11)
  A howler monkey skeleton (D:4)
  4 gnolls (D:11)
  17 adders
  4 river rats (Lair:4)
  7 scorpion zombies (Ossuary)
  7 shadow imps
  An ooze (Lair:5)
  2 adder zombies
  3 adder skeletons
  7 worms
  A dart slug (D:1)
  5 leopard geckos
  82 orcs
  5 giant cockroaches
  2 goblins
  10 hobgoblins
  7 jackals
  26 kobolds
  5 quokkas
  5 ball pythons
  9 bats
  3 frilled lizards (D:2)
  2 gnoll zombies (Ossuary)
  2 goblin zombies (Ossuary)
  A hobgoblin zombie (Ossuary)
  A kobold zombie (Ossuary)
  A leopard gecko zombie (D:5)
  A quokka skeleton (D:6)
  12 rats
  3 fungi (Orc:2)
  5 plants
1151 creatures vanquished.

Vanquished Creatures (others)
  A great orb of eyes (Vaults:1)
  A tarantella (Spider:4)
  2 boggarts (Vaults:1)
  A hobgoblin zombie (Ossuary)
  A bush (Lair:1)
  9 fungi
  18 plants
33 creatures vanquished.

Grand Total: 1184 creatures vanquished

Notes
Turn   | Place    | Note
-------+----------+-------------------------------------------
     0 | D:1      | Duffy the Formicid Fighter began the quest for the Orb.
     0 | D:1      | Reached XP level 1. HP: 18/18 MP: 1/1
    77 | D:1      | Reached XP level 2. HP: 11/24 MP: 2/2
   774 | D:2      | Reached XP level 3. HP: 29/29 MP: 3/3
   845 | D:2      | Found a glowing golden altar of the Shining One.
   963 | D:2      | Reached XP level 4. HP: 27/35 MP: 4/4
  1257 | D:2      | Reached skill level 5 in Shields
  1423 | D:2      | Reached XP level 5. HP: 40/41 MP: 5/5
  1790 | D:2      | Found a deep blue altar of Sif Muna.
  1848 | D:2      | Found a hide-covered altar of Uskayaw.
  1848 | D:2      | Noticed a +0 hand axe
  1848 | D:2      | Noticed a +0 hand axe
  2112 | D:3      | Reached XP level 6. HP: 47/47 MP: 6/6
  2169 | D:3      | Noticed Ijyb
  2345 | D:3      | Killed Ijyb
  2377 | D:3      | Found a shimmering altar of Xom.
  3023 | D:4      | Found a transporter.
  3023 | D:4      | Noticed Hydrazoo's ghost (amateur OpTm)
  3023 | D:4      | Noticed a phantom
  3122 | D:4      | Noticed a phantom
  3124 | D:4      | Found a shattered altar of Ashenzari.
  3166 | D:4      | Killed a phantom
  3166 | D:4      | Reached skill level 5 in Axes
  3243 | D:4      | Found a transporter.
  3283 | D:4      | Reached XP level 7. HP: 49/52 MP: 7/7
  3472 | D:4      | Found a runed translucent door.
  3473 | D:4      | Noticed Crazy Yiuf
  3643 | D:4      | Killed Crazy Yiuf
  3815 | D:5      | Entered Level 5 of the Dungeon
  4320 | D:5      | Reached XP level 8. HP: 51/58 MP: 8/8
  4914 | D:6      | Found a white marble altar of Elyvilon.
  4934 | D:6      | Reached skill level 1 in Evocations
  5417 | D:6      | Reached XP level 9. HP: 48/65 MP: 7/10
  5706 | D:6      | Reached skill level 5 in Fighting
  6182 | D:6      | Found a basalt altar of Yredelemnul.
  6247 | D:6      | Reached skill level 10 in Shields
  6623 | D:6      | Found a radiant altar of Vehumet.
  6780 | D:7      | You fall through a shaft for 2 floors!
  6856 | D:7      | Reached skill level 5 in Evocations
  6895 | D:7      | Found a sand-covered staircase.
  6900 | Ossuary  | Entered an ossuary
  6937 | Ossuary  | Reached XP level 10. HP: 65/74 MP: 10/13
  7735 | D:7      | Found a staircase to the Ecumenical Temple.
  7766 | Temple   | Entered the Ecumenical Temple
  7867 | Temple   | Became a worshipper of Qazlal Stormbringer
  7968 | D:7      | Reached skill level 1 in Invocations
  8004 | D:7      | Found Fozetiff's Gadget Shop.
  8017 | D:7      | Bought a wand of acid (5) for 216 gold pieces
  8523 | D:7      | Reached skill level 2 in Invocations
  9068 | D:7      | Reached skill level 3 in Invocations
  9464 | D:7      | Bought a wand of paralysis (8) for 120 gold pieces
  9827 | D:8      | Found a staircase to the Lair.
  9840 | D:8      | Found a hazy altar of Hepliaklqana.
  9894 | D:8      | Reached * piety under Qazlal
  9894 | D:8      | Reached skill level 10 in Axes
  9899 | D:8      | Reached skill level 4 in Invocations
 10103 | D:8      | Found an ancient bone altar of Kikubaaqudgha.
 10113 | D:8      | Found an opulent altar of Gozag.
 10254 | D:9      | Noticed Harold
 10319 | D:8      | Killed Harold
 10319 | D:8      | Reached skill level 5 in Invocations
 10319 | D:8      | Reached XP level 11. HP: 64/79 MP: 13/15
 10410 | D:9      | Noticed a two-headed ogre
 10431 | D:9      | Killed a two-headed ogre
 10431 | D:9      | Reached skill level 6 in Invocations
 10483 | D:9      | Got a slimy trident
 10484 | D:9      | Identified the +5 trident of Obsession {pierce, +Fly rC+
                  | Str+3} (You found it on level 9 of the Dungeon)
 10547 | D:9      | Found Nexkuhiy's Jewellery Boutique.
 10557 | D:9      | Reached skill level 7 in Invocations
 10838 | D:9      | Reached ** piety under Qazlal
 11125 | D:9      | Found an ornate altar of the Wu Jian Council.
 11211 | D:10     | Entered Level 10 of the Dungeon
 11724 | D:10     | Found a staircase to the Orcish Mines.
 11849 | D:10     | Found an opulent altar of Gozag.
 11862 | D:10     | Noticed Joseph
 11891 | D:10     | Killed Joseph
 12278 | D:11     | Reached skill level 8 in Invocations
 12354 | D:11     | Noticed a two-headed ogre
 12370 | D:11     | Killed a two-headed ogre
 12370 | D:11     | Reached XP level 12. HP: 72/88 MP: 18/18
 12585 | D:11     | Noticed a centaur warrior
 12596 | D:11     | Killed a centaur warrior
 12990 | D:11     | Reached *** piety under Qazlal
 13120 | D:11     | Reached skill level 9 in Invocations
 13314 | D:11     | Noticed an unseen horror
 13325 | D:11     | Killed an unseen horror
 13444 | D:11     | Noticed a tengu warrior
 13452 | D:11     | Found Sumiar's Gadget Shop.
 13468 | D:11     | Killed a tengu warrior
 13808 | D:11     | Found a runed translucent gate.
 13808 | D:11     | Found a runed translucent gate.
 13808 | D:11     | Found a runed translucent gate.
 13808 | D:11     | Noticed Torious's ghost (novice DECj)
 14108 | D:4      | Killed Hydrazoo's ghost
 14108 | D:4      | Reached **** piety under Qazlal
 14288 | Lair:1   | Entered Level 1 of the Lair of Beasts
 14459 | Lair:1   | Reached skill level 10 in Invocations
 14494 | Lair:1   | Reached XP level 13. HP: 76/98 MP: 20/20
 14823 | Lair:1   | Identified a scroll of acquirement
 14876 | Lair:1   | Got a warped leather armour
 15283 | Lair:2   | Noticed an eight-headed hydra
 15302 | Lair:2   | Killed an eight-headed hydra
 15635 | Lair:2   | Found a staircase to the Swamp.
 16860 | Lair:3   | Got a thick robe
 16951 | Lair:3   | Noticed a four-headed hydra
 17000 | Lair:3   | Reached skill level 15 in Shields
 17004 | Lair:3   | Killed a four-headed hydra
 17004 | Lair:3   | Reached skill level 11 in Invocations
 17625 | Lair:4   | Noticed a five-headed hydra
 17638 | Lair:3   | Killed a five-headed hydra
 18042 | Lair:4   | Found a hole to the Spider Nest.
 18362 | Lair:4   | Got a pitted scale mail
 18567 | Lair:4   | Got a warped ring mail
 18686 | Lair:4   | Identified the +3 scale mail of Izenlima {*Slow rElec SInv
                  | Stlth+} (You found it on level 4 of the Lair of Beasts)
 18696 | Lair:4   | Identified the +5 ring mail "Sijaq" {rElec rN+ Int+2
                  | Stlth+} (You found it on level 4 of the Lair of Beasts)
 18746 | Lair:5   | Noticed a six-headed hydra
 18754 | Lair:5   | Killed a six-headed hydra
 18754 | Lair:5   | Reached skill level 10 in Fighting
 18782 | Lair:4   | Reached skill level 5 in Armour
 18945 | Lair:5   | Noticed a five-headed hydra
 18951 | Lair:5   | Killed a five-headed hydra
 18951 | Lair:5   | Reached XP level 14. HP: 110/110 MP: 22/22
 19188 | Lair:5   | Reached skill level 12 in Invocations
 19984 | Lair:6   | Entered Level 6 of the Lair of Beasts
 20138 | Lair:6   | Found a gate leading to a gauntlet.
 20147 | Gauntlet | Entered a Gauntlet
 20147 | Gauntlet | Found a transporter.
 20210 | Gauntlet | Noticed a cacodemon
 20471 | Gauntlet | Found a transporter.
 20480 | Gauntlet | Found a transporter.
 20482 | Gauntlet | Found a large runed translucent door.
 20482 | Gauntlet | Found a large runed translucent door.
 20483 | Gauntlet | Found a large runed translucent door.
 20483 | Gauntlet | Found a large runed translucent door.
 20484 | Gauntlet | Found a transporter.
 20484 | Gauntlet | Found a large runed translucent door.
 20484 | Gauntlet | Found a large runed translucent door.
 20484 | Gauntlet | Found a runed translucent door.
 20484 | Gauntlet | Found a runed translucent door.
 20485 | Gauntlet | Found a large runed translucent door.
 20485 | Gauntlet | Found a large runed translucent door.
 20486 | Gauntlet | Found a large runed translucent door.
 20486 | Gauntlet | Found a large runed translucent door.
 20487 | Gauntlet | Found a transporter.
 20487 | Gauntlet | Found a transporter.
 20487 | Gauntlet | Found a large runed translucent door.
 20487 | Gauntlet | Found a large runed translucent door.
 20488 | Gauntlet | Found a runed translucent gate.
 20488 | Gauntlet | Found a runed translucent gate.
 20489 | Gauntlet | Found a transporter.
 20490 | Gauntlet | Found a transporter.
 20498 | Gauntlet | Found a runed translucent gate.
 20500 | Gauntlet | Found a large runed translucent door.
 20501 | Gauntlet | Found a large runed translucent door.
 20511 | Gauntlet | Found a large runed translucent door.
 20511 | Gauntlet | Found a large runed translucent door.
 20557 | Gauntlet | Found a transporter.
 20561 | Gauntlet | Found a transporter.
 20562 | Gauntlet | Found a transporter.
 20573 | Gauntlet | Found a transporter.
 20808 | Gauntlet | Got a transparent copper ring
 20809 | Gauntlet | Identified the ring of Xom's Amusement {rElec rF+ Int+3
                  | Dex+2} (You found it in a Gauntlet)
 20887 | Gauntlet | Noticed a minotaur
 20900 | Gauntlet | Killed a minotaur
 20995 | Gauntlet | Got a translucent scale mail
 21007 | Gauntlet | Identified the cursed +0 scale mail of the Bagpipe {Str+4}
                  | (You found it in a Gauntlet)
 21146 | Lair:6   | Found a staircase to the Slime Pits.
 21184 | Lair:6   | Reached skill level 13 in Invocations
 21991 | Lair:5   | Got an ancient hand crossbow
 21999 | Lair:6   | Reached skill level 1 in Dodging
 22483 | Lair:6   | Reached XP level 15. HP: 101/115 MP: 24/24
 22895 | Lair:6   | Got an iridescent fustibalus
 23116 | Lair:5   | Identified the +6 hand crossbow "Qaob" {elec, *Contam rPois
                  | rN+++ Str-3} (You acquired it on level 5 of the Lair of
                  | Beasts)
 23155 | Lair:5   | Gained mutation: You are frail. (-10% HP) [mutagenic glow]
 23323 | Lair:5   | Lost mutation: You are frail. (-10% HP) [potion of
                  | mutation]
 23323 | Lair:5   | Gained mutation: You have sharp toenails. [potion of
                  | mutation]
 23323 | Lair:5   | Gained mutation: You have a beak for a mouth. [potion of
                  | mutation]
 23554 | Orc:1    | Entered Level 1 of the Orcish Mines
 23584 | Orc:1    | Noticed Erolcha
 23589 | Orc:1    | Killed Erolcha
 23702 | Orc:1    | Noticed an orc warlord
 23704 | Orc:1    | Found a transporter.
 23705 | Orc:1    | Found a transporter.
 23705 | Orc:1    | Noticed Voker57's ghost (journeyman DsGl)
 23738 | Orc:1    | Killed an orc warlord
 23750 | Orc:1    | Reached skill level 14 in Invocations
 23864 | Orc:1    | Killed Voker57's ghost
 24521 | Orc:1    | Noticed an orc warlord
 24542 | Orc:1    | Killed an orc warlord
 24542 | Orc:1    | Reached skill level 15 in Invocations
 24763 | Orc:2    | Entered Level 2 of the Orcish Mines
 24783 | Orc:2    | Reached skill level 10 in Armour
 24790 | Orc:2    | Reached skill level 5 in Dodging
 24931 | Orc:2    | Found Istresk's Antique Armour Boutique.
 24940 | Orc:2    | Bought a pair of ancient boots for 228 gold pieces
 24967 | Orc:1    | Identified the +3 pair of boots of Claustrophobia {*Drain
                  | rC++ Int+3 Dex+4} (You bought it in a shop on level 2 of
                  | the Orcish Mines)
 25087 | Orc:2    | Noticed an orc warlord
 25124 | Orc:2    | Killed an orc warlord
 25233 | Orc:2    | Reached ***** piety under Qazlal
 25236 | Orc:2    | Found Qiuhasit's Food Emporium.
 25237 | Orc:2    | Found Muyshred's General Store.
 25263 | Orc:2    | Bought a scroll of identify for 30 gold pieces
 25263 | Orc:2    | Bought a scroll of identify for 30 gold pieces
 25263 | Orc:2    | Bought a scroll of random uselessness for 15 gold pieces
 25274 | Orc:2    | Bought a twisted ring mail for 216 gold pieces
 25303 | Orc:2    | Identified the +5 ring mail of Insurance {rPois Int-3
                  | Dex+5} (You bought it in a shop on level 2 of the Orcish
                  | Mines)
 25364 | Orc:2    | Reached skill level 16 in Invocations
 25419 | Orc:2    | Found a staircase to the Elven Halls.
 25526 | Orc:2    | Found Kafimodi's Antique Weapon Boutique.
 25587 | Orc:2    | Found Novuh's Book Boutique.
 25981 | D:9      | Bought the amulet of Kemyajaafo {rN++ Regen+ MP+9} for 929
                  | gold pieces
 26114 | D:11     | Reached XP level 16. HP: 122/122 MP: 28/28
 26127 | D:11     | Killed Torious's ghost
 26561 | D:12     | Reached skill level 17 in Invocations
 26594 | D:12     | Found a corrupted altar of Lugonu.
 26622 | D:12     | Found a runed translucent door.
 26934 | D:12     | Noticed George's ghost (journeyman MiFi)
 26989 | D:12     | Killed George's ghost
 27717 | D:13     | Reached ****** piety under Qazlal
 28019 | D:13     | Reached skill level 18 in Invocations
 28030 | D:13     | Found a gate to the Vaults.
 28752 | D:14     | Found a shadowy altar of Dithmenos.
 29286 | D:15     | Entered Level 15 of the Dungeon
 29750 | D:15     | Reached XP level 17. HP: 128/128 MP: 30/30
 29757 | D:15     | Reached skill level 19 in Invocations
 30027 | D:15     | Found a staircase to the Depths.
 30850 | D:9      | Bought an uncursed ring of poison resistance for 280 gold
                  | pieces
 30980 | Spider:1 | Entered Level 1 of the Spider Nest
 31758 | Spider:1 | Reached skill level 10 in Dodging
 32012 | Spider:1 | Reached skill level 15 in Axes
 32824 | Spider:3 | Identified the Reference Book on Earthen Shape Shifting
 33073 | Spider:3 | Reached skill level 20 in Invocations
 33391 | Spider:3 | Found a roughly hewn altar of Beogh.
 33684 | Spider:4 | Entered Level 4 of the Spider Nest
 33741 | Spider:4 | Reached XP level 18. HP: 134/134 MP: 32/32
 34340 | Spider:4 | Found a runed translucent gate.
 34341 | Spider:4 | Noticed Lihy's ghost (adept MiFi)
 34342 | Spider:4 | Found a runed translucent gate.
 34343 | Spider:4 | Found a runed translucent gate.
 34377 | Spider:4 | Killed Lihy's ghost
 34429 | Spider:4 | Got a heavily runed lead ring
 34432 | Spider:4 | Identified the ring of Dumiun {+Fly rF- Int-2 Dex+8 Stlth-}
                  | (You found it on level 4 of the Spider Nest)
 34612 | Spider:4 | Reached skill level 21 in Invocations
 34828 | Spider:4 | Got a gossamer rune of Zot
 35441 | Vaults:1 | Entered Level 1 of the Vaults
 35454 | Vaults:1 | Noticed Nikola
 35470 | Vaults:1 | Killed Nikola
 35658 | Vaults:1 | Reached XP level 19. HP: 143/143 MP: 33/33
 35824 | Vaults:1 | Slain by a stone giant skeleton

Vault maps used:
D:1:      ncdulo_wetmaze
D:2:      kennysheep_six_static_rooms, led_sif_pool, old_standard_altar,
          dancing_weapons_uskayaw, minmay_misc_feat_tiny
D:3:      xom_butterflies, first_ration, uniq_ijyb
D:4:      ashenzari_altar_1, gammafunk_ghost_mausoleum, uniq_crazy_yiuf_cottage
D:6:      yredelemnul_altar_generic, nicolae_overflow_hidden_temple,
          elyvilon_altar_5, grunt_ministairs_14
D:7:      minmay_temple_entry_gardened_gates, serial_shops, shop,
          enter_ossuary_5, minivault_4, minmay_splitting_lines, the_bakery
D:8:      old_standard_altar, amethyst_overflow_temple_binary,
          kennysheep_path_1, kennysheep_generic_room_12
D:9:      overflow_temple_1_default, serial_shops, shop, uniq_harold
D:10:     orc_0_dummy, grunt_gozag_statues, uniq_joseph
D:11:     minmay_the_grid_3x3, gammafunk_ghost_necromancy, serial_shops, shop
D:12:     kennysheep_kobold_lugonu_temple, gammafunk_ghost_grave
D:13:     grunt_vaults_entry_fortified
D:14:     nicolae_dithmenos_through_a_glass_darkly
D:15:     grunt_enter_depths_hoard
Temple:   compressed_dpeg_circular_temple
Lair:1:   lemuel_fruit_tree, grunt_megastairs_5
Lair:2:   minmay_swamp_entry_worms, serial_bayou_shore_a
Lair:3:   minmay_lair_oklob_tunnel, beast_lair_carwin_7,
          infiniplex_staircase_pool, grunt_megastairs_1
Lair:4:   spider_nest_entry_funnel_web, kennysheep_abandoned_house
Lair:5:   wad_woods_road_05
Lair:6:   evilmike_catoblepas_cave, nicolae_slime_entry_slimehenge,
          gauntlet_entry_generic
Spider:3: nicolae_spider_mines_2
Spider:4: grunt_spider_rune_parallel, gammafunk_ghost_split, drop_trap
Orc:1:    gammafunk_ghost_smash, uniq_erolcha
Orc:2:    grunt_orc_gardens, grunt_orc_garden, grunt_orc_garden,
          grunt_orc_garden, grunt_orc_garden, serial_shops, shop
Vaults:1: ontoclasm_vaults_ring_small, v_misc_27, hangedman_vaults_nails,
          ontoclasm_vaults_shuriken, vaults_mumra_hexcomb,
          nicolae_vaults_sealed_display, dpeg_vaults_monster_row,
          vaults_mumra_hex, uniq_nikola
Ossuary:  ossuary_minmay_scorpions
Gauntlet: minmay_gauntlet_mixed_oops_all_seconds

Skill      XL: |  1  2  3  4  5  6  7  8  9 10 11 12 13 14 15 16 17 18 19 |
---------------+----------------------------------------------------------+-----
Shields        | 4 5 6 8 9 10 12 13 14 15 | 15.0
Axes           | 3 4 5 6 7 8 10 11 12 14 15 16 | 16.0
Evocations     | 2 5 |  5.0
Fighting       | 4 5 6 8 10 11 | 11.3
Invocations    | 5 8 10 11 13 16 18 20 21 | 21.7
Armour         | 5 8 10 11 | 11.3
Dodging        | 1 6 9 10 11 | 11.0

Action                   |  1- 3 |  4- 6 |  7- 9 | 10-12 | 13-15 | 16-18 | 19-21 || total
-------------------------+-------+-------+-------+-------+-------+-------+-------++-------
Melee: War axe           |    31 |    28 |    58 |   674 |   979 |   353 |       ||  2123
       Hand axe          |    39 |   143 |   176 |   146 |       |       |       ||   504
       Battleaxe         |       |       |    34 |    66 |       |   763 |    83 ||   946
       Trident           |       |       |       |       |     8 |       |       ||     8
       Peck              |       |       |       |       |    94 |   304 |    24 ||   422
Throw: Throwing net      |       |     3 |       |       |       |       |       ||     3
Invok: Upheaval          |       |       |       |       |    23 |     2 |       ||    25
       Disaster Area     |       |       |       |       |       |     3 |       ||     3
       Elemental Force   |       |       |       |       |       |       |     1 ||     1
 Abil: Dig               |       |     2 |     9 |    11 |    25 |    17 |       ||    64
       Stop Flying       |       |     1 |       |       |       |       |       ||     1
       Evoke Flight      |       |     1 |       |       |       |       |       ||     1
Evoke: Wand              |       |       |    14 |    24 |    33 |    10 |       ||    81
       Sack of spiders   |       |       |       |       |     1 |       |       ||     1
  Use: Scroll            |       |       |    10 |     9 |    14 |    10 |       ||    43
       Potion            |       |       |       |       |     1 |     4 |       ||     5
 Stab: Paralysed         |       |       |       |     7 |       |       |       ||     7
       Petrified         |       |       |       |       |     5 |       |       ||     5
       Petrifying        |       |       |       |       |     1 |       |       ||     1
       Distracted        |       |       |       |       |       |     2 |     2 ||     4
  Eat: Chunk             |       |     8 |    10 |    22 |    25 |    18 |       ||    83
       Ration            |       |       |     1 |     2 |     5 |     8 |       ||    16
Armor: Scale mail        |    32 |    44 |       |       |       |       |       ||    76
       Chain mail        |       |    20 |    20 |    84 |    57 |       |       ||   181
       Plate armour      |       |       |    60 |    87 |       |       |       ||   147
       Ring mail         |       |       |       |       |   112 |   296 |    16 ||   424
Dodge: Dodged            |    25 |    63 |    29 |    74 |   143 |   377 |    41 ||   752
       Deflected         |       |       |       |       |     2 |     4 |     1 ||     7
Block: Shield            |    41 |    80 |    46 |       |       |       |       ||   167
       Large shield      |       |       |   134 |   724 |   909 |  1479 |   129 ||  3375

Table legend:
 A = Non-vault XP
 B = Vault XP
 C = Vault XP percentage of total XP
 D = Non-vault monster count
 E = Vault monster count
 F = Vault count percentage of total count
                 A         B        C        D         E       F
            +---------+---------+-------+---------+---------+-------
      Total |  175017 |  108684 |  38.3 |     846 |     298 |  26.0
            +---------+---------+-------+---------+---------+-------
        D:1 |      24 |       0 |   0.0 |      14 |       0 |   0.0
        D:2 |     196 |      31 |  13.7 |      33 |       6 |  15.4
        D:3 |      85 |      36 |  29.8 |      13 |       1 |   7.1
        D:4 |     159 |     597 |  79.0 |       8 |       7 |  46.7
        D:5 |     943 |       0 |   0.0 |      19 |       0 |   0.0
        D:6 |    1809 |     125 |   6.5 |      27 |       1 |   3.6
        D:7 |    1754 |     215 |  10.9 |      22 |       1 |   4.3
        D:8 |    1138 |    1033 |  47.6 |      24 |       2 |   7.7
        D:9 |    2685 |       0 |   0.0 |      31 |       0 |   0.0
       D:10 |    2408 |     559 |  18.8 |      25 |       2 |   7.4
       D:11 |    3693 |    9608 |  72.2 |      42 |      42 |  50.0
       D:12 |    7425 |    2348 |  24.0 |      55 |       4 |   6.8
       D:13 |    7837 |    8172 |  51.0 |      40 |      10 |  20.0
       D:14 |    8712 |       0 |   0.0 |      34 |       0 |   0.0
       D:15 |    7128 |    1705 |  19.3 |      36 |       2 |   5.3
     Lair:1 |    2716 |    1339 |  33.0 |      14 |       6 |  30.0
     Lair:2 |    4062 |     165 |   3.9 |      20 |       1 |   4.8
     Lair:3 |    4025 |    3359 |  45.5 |      14 |      14 |  50.0
     Lair:4 |    4109 |    2033 |  33.1 |      19 |      19 |  50.0
     Lair:5 |   16071 |    3057 |  16.0 |      41 |       6 |  12.8
     Lair:6 |    4411 |   10947 |  71.3 |      14 |      21 |  60.0
   Spider:1 |   16833 |       0 |   0.0 |      36 |       0 |   0.0
   Spider:2 |   10665 |       0 |   0.0 |      35 |       0 |   0.0
   Spider:3 |   15373 |    1344 |   8.0 |      37 |       3 |   7.5
   Spider:4 |   19257 |   31092 |  61.8 |      54 |      65 |  54.6
      Orc:1 |    8336 |    6111 |  42.3 |      58 |       7 |  10.8
      Orc:2 |    2411 |    9247 |  79.3 |      30 |      27 |  47.4
   Vaults:1 |   20752 |   11048 |  34.7 |      51 |      14 |  21.5
    Ossuary |       0 |    1046 | 100.0 |       0 |      32 | 100.0
   Gauntlet |       0 |    3467 | 100.0 |       0 |       5 | 100.0
            +---------+---------+-------+---------+---------+-------
